 Dungeon Crawl Stone Soup version 0.30.1-11-g7821555f0a (webtiles) character file.

Game seed: 11515959064651082377

108 Okkudo the Chopper (level 4, 0/39 HPs)
             Began as a Hill Orc Monk on Dec 2, 2023.
             Succumbed to a scorpion's poison
             ... on level 4 of the Dungeon.
             The game lasted 00:06:55 (2715 turns).

Okkudo the Chopper (Hill Orc Monk)                  Turns: 2715, Time: 00:06:56

Health: 0/39       AC: 12    Str: 15    XL:     4   Next: 87%
Magic:  4/4        EV:  4    Int: 10    God:
Gold:   154        SH:  0    Dex: 13    Spells: 3/3 levels left

rFire   . . .        a - +0 hand axe
rCold   . . .        d - orb {light}
rNeg    . . .        v - +0 plate armour
rPois   .            p - +0 helmet
rElec   .            (no cloak)
rCorr   .            q - +0 pair of gloves
SInv    .            (no boots)
Will    .....        (no amulet) Stlth
                     (no ring)
HPRegen 0.26/turn    (no ring)
MPRegen 0.09/turn

%: no passive effects
@: lethally poisoned (0 -> -2), glowing
A: no striking features
a: no special abilities


You were on level 4 of the Dungeon.
You visited 1 branch of the dungeon, and saw 4 of its levels.

You collected 154 gold pieces.

Inventory:

Hand Weapons
 a - a +0 hand axe (weapon)
Armour
 d - an orb of light (worn)
 p - a +0 helmet (worn)
 q - a +0 pair of gloves (worn)
 v - a +0 plate armour (worn)
Jewellery
 o - a ring of positive energy
Scrolls
 e - 2 scrolls of vulnerability {unknown}
 g - a scroll of blinking {unknown}
 h - a scroll of enchant weapon {unknown}
 j - a scroll of fog {unknown}
 k - a scroll of teleportation {unknown}
 l - a scroll of silence {unknown}
 r - a scroll of amnesia {unknown}
 t - 2 scrolls of magic mapping {unknown}
 u - 4 scrolls of identify {unknown}
 y - a scroll of brand weapon {unknown}
Potions
 b - 2 potions of flight {unknown}
 c - a potion of ambrosia
 f - a potion of curing {unknown}
 i - 2 potions of degeneration {unknown}
 m - a potion of mutation {unknown}
 n - a potion of attraction {unknown}
 s - a potion of magic {unknown}
 w - a potion of haste {unknown}
 x - 2 potions of brilliance {unknown}
 z - a potion of invisibility {unknown}
 A - a potion of heal wounds {unknown}


   Skills:
 - Level 3.6 Fighting
 * Level 7.2 Axes
 - Level 2.4 Dodging


You had 3 spell levels left.
You didn't know any spells.
Your spell library contained the following spells:

 Spells                   Type           Power      Damage    Failure   Level
 Magic Dart               Conj           0%         1d3       100%        1
 Necrotise                Necr           0%         1d4       100%        1
 Call Imp                 Summ           0%         N/A       100%        2
 Mephitic Cloud           Conj/Pois/Air  0%         N/A       100%        3
 Vampiric Draining        Necr           0%         2d6       100%        3
 Agony                    Necr           0%         N/A       100%        5


Dungeon Overview and Level Annotations

Branches:
Dungeon (4/15)             Temple (0/1) D:4

Altars:


Message History

The scorpion is severely wounded.
You feel sick.
You are no longer poisoned.
The scorpion stings you but does no damage.
You hit the scorpion but do no damage.
The scorpion is severely wounded.
The scorpion stings you but does no damage.
You hit the scorpion.
The scorpion is almost dead.
The scorpion stings you but does no damage.
You hit the scorpion but do no damage.
The scorpion is almost dead.
The scorpion stings you but does no damage. x2
You hit the scorpion.
The scorpion is almost dead.
The scorpion stings you.
* * * LOW HITPOINT WARNING * * *
You are poisoned.
The scorpion poisons you!
You completely miss the scorpion.
The scorpion is almost dead.
* * * LOW HITPOINT WARNING * * *
You feel sick.
The scorpion stings you but does no damage.
You completely miss the scorpion.
The scorpion is almost dead.
You feel sick.
The scorpion stings you but does no damage.
You barely miss the scorpion.
The scorpion is almost dead.
You feel sick. The scorpion stings you.
* * * LOW HITPOINT WARNING * * *
You barely miss the scorpion.
The scorpion is almost dead.
* * * LOW HITPOINT WARNING * * *
You feel sick.
The scorpion stings you but does no damage.
You hit the scorpion.
You kill the scorpion!
You die...

#......... ###.....#
###..#####
###.......#####....#
...................#
...................## #
....................####
...........#####..#..#..
..........# ##..###....
.......@..####..## ##...
.....#....#.....# ##.#
..# ###.......## #..
###.....# ##. #......#
#. #......# #. #..####.#
## ...# ##.# ## ###. #.#
###.


There were no monsters in sight!

Vanquished Creatures
  A scorpion (D:4)
  4 adders
  A worm (D:2)
  3 dart slugs
  An orc (D:4)
  2 endoplasms
  7 giant cockroaches
  3 goblins
  3 hobgoblins
  3 jackals (D:4)
  2 quokkas (D:2)
  5 ball pythons
  5 bats
  4 frilled lizards
  9 kobolds
  9 rats
62 creatures vanquished.

Notes
Turn   | Place    | Note
-------+----------+-------------------------------------------
     0 | D:1      | Okkudo the Hill Orc Monk began the quest for the Orb.
     0 | D:1      | Reached XP level 1. HP: 19/19 MP: 1/1
   115 | D:1      | Reached XP level 2. HP: 26/26 MP: 2/2
   179 | D:1      | Reached skill level 5 in Axes
   791 | D:2      | Reached XP level 3. HP: 29/31 MP: 3/3
   915 | D:2      | Found a faded altar of an unknown god.
   924 | D:2      | Reached skill level 6 in Axes
  1003 | D:2      | Reached XP level 4. HP: 29/39 MP: 4/4
  1908 | D:3      | Reached skill level 7 in Axes
  2384 | D:4      | Found a staircase to the Ecumenical Temple.
  2690 | D:4      | Noticed a scorpion
  2713 | D:4      | HP: 1/39 [scorpion (3)]
  2715 | D:4      | Killed a scorpion
  2715 | D:4      | Succumbed to a scorpion's poison

Illustrated notes

Levels and vault maps discovered:
D:1:      dpeg_arrival_prison, layout_basic
D:2:      layout_loops_cross, chequers_ecumenical_altar_island,
          kennysheep_generic_room_5
D:3:      layout_loops_ring
D:4:      layout_layer_cave, minmay_temple_entry_large_hall

Skill      XL: |  1  2  3  4 |
---------------+-------------+-----
Axes           | 5 6 7 |  7.2
Fighting       | |  3.6
Dodging        | |  2.4

Action                     |  1- 3 |  4- 6 || total
---------------------------+-------+-------++-------
  Melee: Hand axe          |   100 |    97 ||   197
 Armour: Robe              |     2 |       ||     2
         Scale mail        |    38 |    17 ||    55
         Plate armour      |       |    41 ||    41
  Dodge: Dodged            |    64 |    23 ||    87
